 Dungeon Crawl Stone Soup version 0.29.1-2-gbd0b4ee654 (webtiles) character file.

Game seed: 3659684009358933465

16 Tirrikindir the Trooper (level 2, 21/21 HPs)
             Began as an Octopode Fighter on Oct 24, 2022.
             Was a Believer of Lugonu.
             Got out of the dungeon alive.
             The game lasted 00:01:17 (545 turns).

Tirrikindir the Trooper (Octopode Fighter)           Turns: 545, Time: 00:01:18

Health: 21/21      AC:  1    Str: 15    XL:     2   Next: 54%
Magic:  2/2        EV: 13    Int: 10    God:    Lugonu [**....]
Gold:   18         SH:  4    Dex: 11    Spells: 1/1 levels left

rFire   . . .      SeeInvis .   a - +0 flail
rCold   . . .      Faith    .   b - +0 buckler
rNeg    . . .      Spirit   .   (helmet restricted)
rPois   .          Reflect  .   (no amulet)
rElec   .          Harm     .   (no ring)
rCorr   .          Rampage  .   (no ring)
Will    .....                   (no ring)
Stlth   +++.......              (no ring)
HPRegen 0.07/turn               (no ring)
MPRegen 0.08/turn               (no ring)
                                (no ring)
                                (no ring)

@: no status effects
A: almost no armour, amphibious, 8 rings, camouflage 1, gelatinous body 1,
(nimble swimmer 1), tentacles
a: Renounce Religion, Depart the Abyss, Bend Space


You escaped.
You worshipped Lugonu.
Lugonu was pleased with you.
You visited 1 branch of the dungeon, and saw 1 of its levels.

You collected 18 gold pieces.

Inventory:

Hand Weapons
 a - a +0 flail (weapon)
Missiles
 d - 2 poisoned darts (quivered)
Armour
 b - a +0 buckler (worn)
Potions
 c - a potion of might
 e - a potion of flight {unknown}


   Skills:
 * Level 3.3 Fighting
 - Level 2.0 Maces & Flails
 + Level 3.1 Dodging
 + Level 1.2 Stealth
 + Level 3.1 Shields


You had one spell level left.
You didn't know any spells.
Your spell library was empty.

Dungeon Overview and Level Annotations

Branches:
Dungeon (1/15)

Altars:
Lugonu


Innate Abilities, Weirdness & Mutations

You cannot wear most types of armour.
You are amphibious.
You can wear up to eight rings at the same time.
Your skin changes colour to match your surroundings (Stealth+).
Your rubbery body absorbs attacks. (AC +1, EV +1)
((You are camouflaged when in or above water. (Stealth+)))
You have tentacles for arms and can constrict up to eight enemies at once.


Message History

You open the door.
There is an open door here.
There is an open door here.
A bat comes into view.
You barely miss the bat. You grab the bat. You constrict the bat.
The bat hits you.
The bat struggles to escape constriction.
The bat escapes!
You hit the bat but do no damage. Your grab misses the bat.
The bat is severely wounded.
The bat barely misses you. The bat closely misses you.
You sock the bat!
You kill the bat!
You now have 18 gold pieces (gained 8).
A dart slug comes into view.
A hobgoblin comes into view.
You hit the dart slug but do no damage. You grab the dart slug.
You squeeze the dart slug!
The dart slug is almost dead.
You constrict the dart slug.
You kill the dart slug!
An endoplasm comes into view.
The helpless hobgoblin fails to defend itself.
You thump the hobgoblin!
You kill the hobgoblin!
The endoplasm quivers.
Found a faded altar of an unknown god.
You hit the endoplasm. You squeeze the endoplasm.
You kill the endoplasm!
There is a faded altar of an unknown god here.
You cannot tell which god this altar belongs to.
Convert to them anyway?
Lugonu accepts your prayer! Lugonu welcomes you!
You can now depart the Abyss.
You can now bend space around yourself.
(D) Dungeon
Where to? (? - help)
What level of the Dungeon? (default 1, ? - help)
There is a staircase leading out of the dungeon here.
Are you sure you want to leave the Dungeon?
This will make you lose the game!
You have escaped!

####.#####.# #..##.# ####..#
#.....### ##.#######..#..###+
####....####...####........#..
##.....#..~..#.....###.##..
#8..~....~....~..8# #.##.8
####...~..~~~..~...## #.##.⌠
#.#.....~~~~~~~.....###.##.8
#...).~~~~...~~~~.......##..
#...~~~~~..@..~~~~~..#####..
#.....~~~~...~~~~......# ##'
#.#.....~~~~~~~.....#..# #..
#.##...~..~~~..~...##..###.#
#.#8..~....~....~..8#...#.##
#.#.....#..~..#.....#..##.#
#.....####...####......#.##
#...#######.#######...##.#
#.###.##............###.##


There were no monsters in sight!

Vanquished Creatures
  A dart slug (D:1)
  2 ball pythons (D:1)
  2 bats (D:1)
  3 endoplasms (D:1)
  A giant cockroach (D:1)
  A hobgoblin (D:1)
  A goblin (D:1)
  A kobold (D:1)
12 creatures vanquished.

Notes
Turn   | Place    | Note
-------+----------+-------------------------------------------
     0 | D:1      | Tirrikindir the Octopode Fighter began the quest for the
                  | Orb.
     0 | D:1      | Reached XP level 1. HP: 16/16 MP: 1/1
   113 | D:1      | Reached XP level 2. HP: 6/21 MP: 2/2
   343 | D:1      | Reached skill level 1 in Stealth
   499 | D:1      | Found a faded altar of an unknown god.
   505 | D:1      | Prayed at the altar of an unknown god.
   505 | D:1      | Became a worshipper of Lugonu the Unformed
   505 | D:1      | Reached * piety under Lugonu
   505 | D:1      | Reached ** piety under Lugonu
   545 | D:$      | Got out of the dungeon alive.

Illustrated notes

Levels and vault maps discovered:
D:1:      eino_arrival_water_star, layout_loops_ring,
          ebering_ecumenical_altar_webs, grunt_decor_clamped,
          chequers_serial_rivers_marsh

Skill      XL: |  1  2 |
---------------+-------+-----
Stealth        | 1 |  1.2
Fighting       | |  3.3
Maces & Flails | |  2.0
Dodging        | |  3.1
Shields        | |  3.1

Action                   || total
-------------------------++-------
Melee: Flail             ||    18
       Constrict         ||     6
       Tentacles         ||     4
 Stab: Sleeping          ||     2
Dodge: Dodged            ||     9
Block: Buckler           ||     2
